[Event "Titled Tuesday Blitz August 08 Late 2023"]
[White "UgarteCesar"]
[Black "KorolDimitriy75"]
[WhiteElo "2336"]
[BlackElo "2406"]
[Result "1-0"]
[Round "9"]
[TimeControl "180+1"]
[Date "2023.08.08"]
[WhiteClock "0:00:59"]
[BlackClock "0:00:01"]
[Board "84"]

1. d4 Nf6 2. Bg5 Ne4 3. Bf4 c5 4. e3 Qb6 5. b3 g6 6. Nf3 Bg7 7. Bd3 d5 8. O-O O-O 9. c3 Nc6 10. Bxe4 dxe4 11. Nfd2 cxd4 12. cxd4 Bf5 13. Nc3 Rfd8 14. Ncxe4 h6 15. Ng3 Bd3 16. Nc4 Bxc4 17. bxc4 g5 18. Rb1 Qa6 19. Nf5 e5 20. d5 exf4 21. exf4 Qxc4 22. fxg5 Qxd5 23. Qg4 Ne5 24. Ne7+ Kh8 25. Qh5 Qe6 26. Rxb7 Rab8 27. Rxa7 Ra8 28. Rc7 Rxa2 29. gxh6 Qxh6 30. Qf5 Qf6 31. Qh3+ Qh6 32. Qb3 Rad2 33. Nf5 Qf6 34. Qh3+ Kg8 35. Ne7+ Kf8 36. Qh7 Ng4 37. Qg8# 1-0


[Site "https://www.chess.com"]

[Event "Titled Tuesday Blitz August 08 Late 2023"]
[White "GAO"]
[Black "Eggleston, Thomas A"]
[BlackFideId "412139"]
[WhiteElo "2302"]
[BlackElo "2390"]
[Result "0-1"]
[Round "9"]
[TimeControl "180+1"]
[Date "2023.08.08"]
[WhiteClock "0:00:09"]
[BlackClock "0:00:09"]
[Board "85"]

1. a3 e5 2. c4 f5 3. b4 a5 4. b5 Nf6 5. Bb2 d6 6. g3 Be7 7. Bg2 O-O 8. e3 c6 9. a4 e4 10. d4 d5 11. Ne2 dxc4 12. Qc2 Be6 13. Nf4 Bf7 14. h4 Nbd7 15. Bf1 cxb5 16. axb5 Rc8 17. Ba3 Bb4+ 18. Kd1 Qb6 19. Nc3 Rfd8 20. Kc1 Bxc3 21. Qxc3 Qxb5 22. Be2 b6 23. Rb1 Qc6 24. h5 Nd5 25. Nxd5 Qxd5 26. g4 f4 27. exf4 Rc6 28. g5 Nf8 29. g6 Be6 30. gxh7+ Kxh7 31. h6 g6 32. f3 Bf5 33. Rg1 e3 34. Rg5 Ne6 35. Rg1 Bxb1 36. Kxb1 Nxd4 37. Bb2 Rd7 38. f5 Rc8 39. fxg6+ Kxh6 40. Rh1+ Kxg6 41. Rg1+ Kf5 42. Bf1 e2 43. Bh3+ Kf4 44. Bxd7 Qxd7 45. Bc1+ Kf5 46. Qe3 Re8 47. Qg5+ Ke6 48. Re1 Kf7 49. Qf4+ Kg8 50. Rg1+ Kh8 51. Qh6+ Qh7+ 52. Qxh7+ Kxh7 53. Bd2 Nxf3 54. Rh1+ Kg6 55. Be1 Nxe1 56. Rxe1 b5 57. Kc2 b4 58. Kd2 c3+ 59. Kd3 a4 60. Rxe2 Rxe2 61. Kxe2 a3 62. Kd3 a2 63. Kc4 a1=Q 64. Kxb4 c2 65. Kc5 c1=Q+ 66. Kd5 Qab2 67. Ke4 Qe2+ 0-1


[Site "https://www.chess.com"]

[Event "Titled Tuesday Blitz August 08 Late 2023"]
[White "Orlov, Georgi"]
[Black "Harish, Neeraj"]
[WhiteFideId "2011271"]
[BlackFideId "30958130"]
[WhiteElo "2552"]
[BlackElo "2326"]
[Result "1/2-1/2"]
[Round "9"]
[TimeControl "180+1"]
[Date "2023.08.08"]
[WhiteClock "0:00:11"]
[BlackClock "0:00:15"]
[Board "86"]

1. d4 d5 2. Nf3 Nf6 3. c4 e6 4. Nc3 h6 5. g3 Bd6 6. Bg2 Nc6 7. c5 Be7 8. Bf4 O-O 9. O-O g5 10. Bc1 Ne4 11. Ne1 f5 12. e3 b6 13. cxb6 axb6 14. Nd3 Bf6 15. f3 Nd6 16. f4 Ne4 17. Ne5 Nxe5 18. fxe5 Bg7 19. Qb3 Ba6 20. Re1 c5 21. Nxe4 fxe4 22. Bd2 Bc4 23. Qc2 g4 24. Bc3 Qg5 25. b3 Bd3 26. Qd2 Rf3 27. Bxf3 gxf3 28. Qf2 h5 29. Kh1 Bh6 30. a4 c4 31. bxc4 Bxc4 32. a5 bxa5 33. Rxa5 Rxa5 34. Bxa5 Be2 35. Bd2 Qg4 36. Rb1 Kh7 37. Rb7+ Bg7 38. Bb4 Kh6 39. Be7 Qh3 40. Kg1 Kg6 41. Bh4 Bh6 42. Rb3 Bg5 43. Bxg5 Kxg5 44. Rb8 Kg6 45. Rg8+ Kf7 46. Rg5 Ke7 47. Rg6 Kf7 48. Rg5 Ke7 49. Rg7+ Kf8 50. Rg5 Kf7 51. Kh1 Bf1 52. Kg1 Be2 53. Kh1 Bf1 54. Kg1 Be2 1/2-1/2


[Site "https://www.chess.com"]

[Event "Titled Tuesday Blitz August 08 Late 2023"]
[White "Janaszak, Dawid"]
[Black "Skaric, Djuro"]
[WhiteFideId "1119206"]
[BlackFideId "934569"]
[WhiteElo "2517"]
[BlackElo "2325"]
[Result "1-0"]
[Round "9"]
[TimeControl "180+1"]
[Date "2023.08.08"]
[WhiteClock "0:00:25"]
[BlackClock "0:00:15"]
[Board "87"]

1. d4 g6 2. Nc3 Bg7 3. e4 d6 4. Bg5 h6 5. Be3 Nf6 6. f3 O-O 7. Qd2 Kh7 8. g4 e5 9. Nge2 Nc6 10. h4 exd4 11. Nxd4 Ne5 12. Bg2 Nc4 13. Qe2 Nxe3 14. Qxe3 Bxg4 15. fxg4 Nxg4 16. Qd2 b5 17. O-O-O b4 18. Nd5 c5 19. Nf3 a5 20. Bh3 Ne5 21. Nxe5 Bxe5 22. h5 g5 23. Qf2 a4 24. Rhf1 Kg7 25. Ne3 Bf4 26. Kb1 b3 27. cxb3 axb3 28. a3 Re8 29. Nf5+ Kh8 30. Nxh6 Ra7 31. Nf5 Rxe4 32. Qxc5 Rc7 33. Nxd6 Qxd6 34. Qxd6 Bxd6 35. Rxd6 Re2 36. Rb6 Rcc2 37. Rxb3 Rh2 38. Bf5 Rcf2 39. Rxf2 Rxf2 40. Bd7 Kg7 41. a4 f5 42. a5 Kh6 43. a6 Rd2 44. a7 Rxd7 45. a8=Q 1-0


[Site "https://www.chess.com"]

[Event "Titled Tuesday Blitz August 08 Late 2023"]
[White "Womacka, Mathias"]
[Black "Gerbelli Neto, Eduardo"]
[WhiteFideId "4611390"]
[BlackFideId "2103281"]
[WhiteElo "2467"]
[BlackElo "2323"]
[Result "1/2-1/2"]
[Round "9"]
[TimeControl "180+1"]
[Date "2023.08.08"]
[WhiteClock "0:00:06"]
[BlackClock "0:00:21"]
[Board "88"]

1. e4 e5 2. Nf3 Nc6 3. Bb5 a6 4. Bxc6 dxc6 5. O-O Bg4 6. h3 h5 7. d3 Qf6 8. Nbd2 Ne7 9. Re1 Ng6 10. d4 Bd6 11. hxg4 hxg4 12. Nh2 Rxh2 13. Qxg4 Qh4 14. Qxh4 Rxh4 15. Nf3 Rh5 16. Be3 O-O-O 17. g3 f6 18. Kg2 exd4 19. Bxd4 Ne5 20. Nxe5 Bxe5 21. Bxe5 Rxe5 22. Re2 f5 23. Rae1 Rde8 24. f3 g5 25. Kf2 Rh8 26. Kg2 Rhe8 27. Re3 Rc5 28. R1e2 f4 29. Rd3 Ra5 30. a3 Rb5 31. b3 Ra5 32. a4 b5 33. Rd4 bxa4 34. Rxa4 Ree5 35. Rxa5 Rxa5 36. e5 Kd7 37. gxf4 gxf4 38. Kh3 Ke6 39. Re4 Rxe5 40. Rxf4 Re2 41. Rc4 Kd5 42. Kg4 Re1 43. f4 Rg1+ 44. Kf5 c5 45. Kf6 Rf1 46. f5 Rf2 47. Kg5 c6 48. Rf4 Rg2+ 49. Kf6 Rxc2 50. Ke7 Re2+ 51. Kd7 Ke5 52. Rf1 Kf6 53. Kxc6 Rb2 54. Rf3 Rc2 55. Kb6 c4 56. bxc4 Rxc4 57. Kxa6 Rc5 58. Kb6 Rxf5 59. Rxf5+ Kxf5 1/2-1/2


[Site "https://www.chess.com"]

[Event "Titled Tuesday Blitz August 08 Late 2023"]
[White "Shapiro, Daniel"]
[Black "JERO-8914"]
[WhiteFideId "2001780"]
[WhiteElo "2321"]
[BlackElo "2445"]
[Result "0-1"]
[Round "9"]
[TimeControl "180+1"]
[Date "2023.08.08"]
[WhiteClock "0:00:00"]
[BlackClock "0:00:02"]
[Board "89"]

1. d4 Nf6 2. c4 c5 3. d5 e6 4. Nc3 d6 5. Nf3 g6 6. h3 Bg7 7. e4 O-O 8. Be2 a6 9. a4 h6 10. O-O e5 11. Kh2 Nh7 12. g4 f5 13. gxf5 gxf5 14. exf5 Bxf5 15. Bd3 Qf6 16. Ne4 Bxe4 17. Bxe4 Nd7 18. Rg1 Kh8 19. Rg6 Qe7 20. Bxh6 Bxh6 21. Rxh6 Nf6 22. Bf5 e4 23. Nh4 Qg7 24. Rg6 Qe7 25. Ra3 Rg8 26. Rag3 Qe5 27. Qg1 Qf4 28. Rxg8+ Rxg8 29. Ng6+ Rxg6 30. Bxg6 Ng5 31. Kh1 Nf3 32. Qd1 Nd7 33. Bxe4 Nde5 34. Bxf3 Nxc4 0-1


[Site "https://www.chess.com"]

[Event "Titled Tuesday Blitz August 08 Late 2023"]
[White "Steindl, Johannes"]
[Black "KrokerGuy"]
[WhiteFideId "1643266"]
[WhiteElo "2282"]
[BlackElo "2442"]
[Result "0-1"]
[Round "9"]
[TimeControl "180+1"]
[Date "2023.08.08"]
[WhiteClock "0:00:00"]
[BlackClock "0:00:03"]
[Board "90"]

1. e4 e5 2. Nf3 Nc6 3. Bb5 a6 4. Ba4 Nf6 5. O-O Be7 6. Bxc6 dxc6 7. d3 Nd7 8. Nbd2 O-O 9. Nc4 f6 10. Ne3 Nc5 11. Nh4 g6 12. Bd2 Ne6 13. g3 Nd4 14. Neg2 g5 15. c3 Nb5 16. Nf5 Bxf5 17. exf5 Qxd3 18. Ne3 Rad8 19. Qb3+ Kg7 20. Rad1 c5 21. Bc1 Qe4 22. a4 Rxd1 23. Rxd1 Nd6 24. g4 Qf3 25. Re1 h5 26. Qd1 Qxd1 27. Rxd1 hxg4 28. Nd5 Bd8 0-1


[Site "https://www.chess.com"]

[Event "Titled Tuesday Blitz August 08 Late 2023"]
[White "Guerrero Vargas, Andres Jesus"]
[Black "Talbi, Chafik"]
[WhiteFideId "3902048"]
[BlackFideId "7903715"]
[WhiteElo "2436"]
[BlackElo "2312"]
[Result "1-0"]
[Round "9"]
[TimeControl "180+1"]
[Date "2023.08.08"]
[WhiteClock "0:02:04"]
[BlackClock "0:02:39"]
[Board "91"]

1. e4 c6 2. Nc3 d5 3. Nf3 dxe4 4. Nxe4 Nf6 5. Qe2 Nxe4 6. Qxe4 g6 7. Bc4 Bg7 8. h4 Nd7 9. Bxf7+ Kxf7 10. Ng5+ Kf6 11. Qe6# 1-0


[Site "https://www.chess.com"]

[Event "Titled Tuesday Blitz August 08 Late 2023"]
[White "Cagara, Paulina"]
[Black "Bogaudinov, Rushan"]
[WhiteFideId "1124870"]
[BlackFideId "4129288"]
[WhiteElo "2275"]
[BlackElo "2418"]
[Result "1-0"]
[Round "9"]
[TimeControl "180+1"]
[Date "2023.08.08"]
[WhiteClock "0:00:56"]
[BlackClock "0:00:00"]
[Board "92"]

1. e4 a6 2. d4 b5 3. c4 Bb7 4. Qc2 Nf6 5. Nd2 b4 6. Ngf3 e6 7. e5 Ng8 8. Ne4 Ne7 9. Bg5 Qc8 10. Bd3 Ng6 11. h4 Nc6 12. h5 Nxd4 13. Nxd4 Nxe5 14. h6 f5 15. hxg7 Bxg7 16. Nf6+ Kf7 17. Nd5 exd5 18. Bxf5 dxc4 19. Be4 Bxe4 20. Qxe4 Ng6 21. Qd5+ Ke8 22. O-O-O Be5 23. Rde1 d6 24. f4 Kd7 25. fxe5 Qe8 26. Qc6+ Kc8 27. Qxa8+ Kd7 28. Qc6+ Kc8 29. Qxa6+ Kb8 30. Nc6+ 1-0


[Site "https://www.chess.com"]

[Event "Titled Tuesday Blitz August 08 Late 2023"]
[White "Luczak, Filip"]
[Black "Fernandez Madrid, Carlos"]
[WhiteFideId "1193686"]
[BlackFideId "2206030"]
[WhiteElo "2414"]
[BlackElo "2274"]
[Result "1-0"]
[Round "9"]
[TimeControl "180+1"]
[Date "2023.08.08"]
[WhiteClock "0:02:29"]
[BlackClock "0:01:57"]
[Board "93"]

1. Nf3 b6 2. e4 Bb7 3. Nc3 e6 4. d4 Bb4 5. Bd3 Bxc3+ 6. bxc3 Nf6 7. e5 Ne4 8. O-O d5 9. exd6 cxd6 10. Qe1 d5 11. Ba3 Nd7 12. Bxe4 dxe4 13. Nd2 f5 14. Nc4 Qc7 15. Nd6+ Kd8 16. Nf7+ Kc8 17. Nxh8 Nf6 18. c4 Qxc4 19. Nf7 Ba6 20. Nd6+ 1-0


[Site "https://www.chess.com"]

[Event "Titled Tuesday Blitz August 08 Late 2023"]
[White "chessmateto"]
[Black "Tqebuchava, Zurab"]
[BlackFideId "13601113"]
[WhiteElo "2412"]
[BlackElo "2271"]
[Result "1-0"]
[Round "9"]
[TimeControl "180+1"]
[Date "2023.08.08"]
[WhiteClock "0:01:37"]
[BlackClock "0:00:18"]
[Board "94"]

1. c4 g6 2. d4 Bg7 3. Nc3 d6 4. Nf3 Bg4 5. g3 Bxf3 6. exf3 Nc6 7. Be3 e5 8. dxe5 dxe5 9. Bg2 Nge7 10. O-O O-O 11. Qa4 Nd4 12. f4 c6 13. fxe5 Bxe5 14. Rad1 Qb6 15. c5 Qxb2 16. Bxd4 Bxd4 17. Qxd4 Nf5 18. Qf6 Rfe8 19. Ne4 Qxa2 20. Qc3 Re6 21. Nf6+ 1-0


[Site "https://www.chess.com"]

[Event "Titled Tuesday Blitz August 08 Late 2023"]
[White "Mesa Cruz, Juan Carlos"]
[Black "De Souza, Cristiano Gomes"]
[WhiteFideId "6423400"]
[BlackFideId "2151758"]
[WhiteElo "2412"]
[BlackElo "2248"]
[Result "1-0"]
[Round "9"]
[TimeControl "180+1"]
[Date "2023.08.08"]
[WhiteClock "0:00:30"]
[BlackClock "0:00:30"]
[Board "95"]

1. Nf3 Nf6 2. g3 g6 3. Bg2 Bg7 4. O-O O-O 5. c4 d6 6. Nc3 Nc6 7. d4 Bf5 8. d5 Na5 9. Nd4 Bd7 10. b3 c5 11. dxc6 bxc6 12. Bb2 Rb8 13. Qd2 c5 14. Nf3 Qb6 15. Nd5 Nxd5 16. Bxg7 Kxg7 17. Qxd5 Bc6 18. Qd3 Nb7 19. e4 Nd8 20. Rfe1 Ne6 21. e5 dxe5 22. Nxe5 Bxg2 23. Kxg2 Rbd8 24. Qc3 Nd4 25. Rad1 Qf6 26. Ng4 Qd6 27. f3 h5 28. Nf2 f5 29. Nd3 Rfe8 30. Re5 Rc8 31. Rxc5 Rxc5 32. Nxc5 Qxc5 33. Qxd4+ Qxd4 34. Rxd4 Kf6 35. Rd7 Ra8 36. f4 a5 37. Kf3 a4 38. b4 a3 39. Ke3 Rc8 40. Kd4 Rh8 41. b5 h4 42. b6 hxg3 43. hxg3 Rh2 44. Rd5 Rxa2 45. b7 Rd2+ 46. Kc3 a2 47. Ra5 Rd8 48. Rxa2 Rb8 49. Ra6+ Kf7 50. Rb6 Ke8 51. Kb4 Kd7 52. Kb5 Kc7 53. Ka6 1-0


[Site "https://www.chess.com"]

[Event "Titled Tuesday Blitz August 08 Late 2023"]
[White "Fernandez Bustamante, Leancy B."]
[Black "Slovineanu, Viacheslav"]
[WhiteFideId "3523870"]
[BlackFideId "13900510"]
[WhiteElo "2210"]
[BlackElo "2396"]
[Result "1-0"]
[Round "9"]
[TimeControl "180+1"]
[Date "2023.08.08"]
[WhiteClock "0:00:20"]
[BlackClock "0:00:35"]
[Board "96"]

1. e4 e5 2. Nf3 f5 3. d4 fxe4 4. Nxe5 Nf6 5. Bc4 d5 6. Be2 Nbd7 7. Bg5 Be7 8. O-O O-O 9. Nd2 Bd6 10. f4 exf3 11. Ndxf3 c6 12. Bd3 Qb6 13. Kh1 Re8 14. Nxd7 Bxd7 15. Bxf6 gxf6 16. Qd2 Bf8 17. Qf4 c5 18. dxc5 Bxc5 19. Qh6 Re7 20. Nh4 Rf8 21. Rae1 Rxe1 22. Qxh7# 1-0


[Site "https://www.chess.com"]

[Event "Titled Tuesday Blitz August 08 Late 2023"]
[White "Butti, Enrique"]
[Black "Gabdushev, Ruslan"]
[WhiteFideId "3700470"]
[BlackFideId "4137833"]
[WhiteElo "2217"]
[BlackElo "2381"]
[Result "0-1"]
[Round "9"]
[TimeControl "180+1"]
[Date "2023.08.08"]
[WhiteClock "0:00:20"]
[BlackClock "0:00:43"]
[Board "97"]

1. d4 c6 2. c4 Qa5+ 3. Nc3 g5 4. e4 Bg7 5. Be3 d6 6. Qd2 g4 7. h3 h5 8. hxg4 hxg4 9. Rxh8 Bxh8 10. Nge2 Nd7 11. Ng3 Nf8 12. Be2 Ng6 13. O-O-O Bd7 14. Rh1 O-O-O 15. Rh7 Rf8 16. Qd1 Nf6 17. Rh2 b5 18. a3 Bg7 19. d5 b4 20. axb4 Qxb4 21. dxc6 Bxc6 22. f3 gxf3 23. gxf3 Ne5 24. Qf1 e6 25. Bxa7 Kb7 26. Be3 Ra8 27. Kc2 Nfd7 28. f4 Ng4 29. Bxg4 Bxc3 30. bxc3 Qa4+ 31. Kd3 Bb5 32. Qb1 Qxc4+ 33. Kd2 Ra2+ 34. Ke1 Rxh2 0-1


[Site "https://www.chess.com"]

[Event "Titled Tuesday Blitz August 08 Late 2023"]
[White "kiwibobo"]
[Black "Sabar Ethmane Daouda"]
[BlackFideId "19600097"]
[WhiteElo "2380"]
[BlackElo "2209"]
[Result "1-0"]
[Round "9"]
[TimeControl "180+1"]
[Date "2023.08.08"]
[WhiteClock "0:00:56"]
[BlackClock "0:00:19"]
[Board "98"]

1. e4 c5 2. Nf3 Nc6 3. d4 cxd4 4. Nxd4 e5 5. Nb5 a6 6. Nd6+ Bxd6 7. Qxd6 Qf6 8. Qxf6 Nxf6 9. Nc3 d5 10. exd5 Nb4 11. Bd3 b5 12. O-O Nxd3 13. cxd3 b4 14. Ne4 Nxd5 15. Be3 O-O 16. Bc5 Rd8 17. g3 a5 18. Rac1 Ba6 19. Rfd1 f5 20. Nd6 g6 21. Nc4 Re8 22. Nxa5 f4 23. Nc4 fxg3 24. hxg3 Re6 25. d4 e4 26. Ne3 Nxe3 27. fxe3 Bd3 28. Bxb4 Rxa2 29. d5 Re8 30. d6 Raa8 31. d7 Reb8 32. Be7 Kf7 33. d8=Q Rxd8 34. Bxd8 Rxd8 35. Rc7+ Kf6 36. Rxh7 Rb8 37. Rd2 Ra8 38. Rb7 Ra1+ 39. Kf2 Rf1+ 40. Kg2 Rf3 41. Rxd3 exd3 42. Kxf3 d2 43. Rd7 1-0


[Site "https://www.chess.com"]

[Event "Titled Tuesday Blitz August 08 Late 2023"]
[White "Novikova, Margarita"]
[Black "Ncatt"]
[WhiteFideId "14109689"]
[WhiteElo "2155"]
[BlackElo "2372"]
[Result "0-1"]
[Round "9"]
[TimeControl "180+1"]
[Date "2023.08.08"]
[WhiteClock "0:00:01"]
[BlackClock "0:00:15"]
[Board "99"]

1. e4 c5 2. Nc3 Nc6 3. d3 g6 4. Be3 Nd4 5. Qd2 Bg7 6. Nd1 e6 7. c3 Nc6 8. Bxc5 Nge7 9. g3 O-O 10. Bg2 f5 11. Ne2 b6 12. Be3 Bb7 13. Bh6 d5 14. Bxg7 Kxg7 15. Nf4 Qd6 16. exd5 exd5 17. d4 g5 18. Nd3 Qe6+ 19. Qe2 Qxe2+ 20. Kxe2 Rae8 21. Kd2 Na5 22. b3 Ng6 23. h4 gxh4 24. gxh4 f4 25. Bf3 Rf5 26. h5 Nf8 27. Ne5 Ne6 28. Nb2 Ng5 29. h6+ Kf8 30. Rh5 Nxf3+ 31. Nxf3 Rxh5 32. Nd3 Nc6 33. Nxf4 Rxh6 34. Rg1 Rf6 35. Rg4 Ne7 36. Ng5 Rh6 37. Nge6+ Kf7 38. Ng5+ Kg8 39. Nf3+ Ng6 40. Ne5 Bc8 41. Rg5 Rh2 42. Nxd5 Rxf2+ 43. Kd3 Kh8 44. Nc7 Rg8 45. Nc6 Nf4+ 46. Ke3 Rxg5 47. Kxf2 Nd5 48. Ne8 Nxc3 49. Ne5 Rf5+ 50. Ke3 Nd5+ 51. Ke4 Ne7 52. Nc6 Nxc6 53. d5 Ne7 54. d6 Nc6 0-1


[Site "https://www.chess.com"]

[Event "Titled Tuesday Blitz August 08 Late 2023"]
[White "laskakid"]
[Black "Polaczek, Richard"]
[BlackFideId "200026"]
[WhiteElo "2120"]
[BlackElo "2358"]
[Result "0-1"]
[Round "9"]
[TimeControl "180+1"]
[Date "2023.08.08"]
[WhiteClock "0:00:10"]
[BlackClock "0:00:05"]
[Board "100"]

1. e4 Nf6 2. e5 Nd5 3. d4 d6 4. c4 Nb6 5. exd6 cxd6 6. Nf3 g6 7. h3 Bg7 8. Be2 O-O 9. Nc3 Nc6 10. O-O Bf5 11. Bf4 d5 12. c5 Nc4 13. b3 N4a5 14. Qd2 b6 15. Nb5 bxc5 16. Bc7 Qd7 17. Bxa5 a6 18. Nc7 Ra7 19. Nxa6 Nxd4 20. Nxd4 Bxd4 21. Bc3 e5 22. Bxd4 cxd4 23. Nc5 Qd6 24. b4 Rb8 25. f4 Ra3 26. fxe5 Qxe5 27. Rfe1 Re3 28. Bf3 Bxh3 29. Rxe3 dxe3 30. Qxd5 Qxa1+ 31. Kh2 Bf5 32. Qd6 Re8 33. g4 e2 34. Bxe2 Rxe2+ 35. Kg3 Qe1+ 36. Kf4 Qf2+ 37. Kg5 h6+ 38. Kxh6 Qh4# 0-1


[Site "https://www.chess.com"]

[Event "Titled Tuesday Blitz August 08 Late 2023"]
[White "Pavlidou, Ekaterini"]
[Black "Guevara Sanchez, Erick Marvin"]
[WhiteFideId "4213262"]
[BlackFideId "6700136"]
[WhiteElo "2353"]
[BlackElo "2140"]
[Result "1-0"]
[Round "9"]
[TimeControl "180+1"]
[Date "2023.08.08"]
[WhiteClock "0:00:18"]
[BlackClock "0:00:56"]
[Board "101"]

1. d4 Nf6 2. c4 e6 3. Nc3 Bb4 4. e3 O-O 5. Nf3 d5 6. Bd2 Bxc3 7. Bxc3 b6 8. Bd3 dxc4 9. Bxc4 Bb7 10. O-O Nbd7 11. b4 Rc8 12. a4 Ne4 13. Bb2 Ndf6 14. Ne5 Nd5 15. b5 Nd6 16. Bb3 Ne7 17. Rc1 a6 18. Qe2 axb5 19. axb5 Ng6 20. Rfd1 Qe8 21. Nc6 Bxc6 22. Rxc6 Ne7 23. Rc2 Qxb5 24. Qxb5 Nxb5 25. Rdc1 Nd5 26. Ba4 Nd6 27. Bd7 Ra8 28. f3 Nxe3 29. Rxc7 Ra2 30. Bc3 Rxg2+ 31. Kh1 Rf2 32. Bb4 Nef5 33. R7c6 Nxd4 34. Bxd6 Nxc6 35. Bxf8 Kxf8 36. Bxc6 Ke7 37. Rb1 Kf6 38. Rxb6 h5 39. Kg1 Rc2 40. Be4 Ra2 41. Rb7 h4 42. h3 g6 43. Bc6 Ra1+ 44. Kf2 Ra2+ 45. Ke3 Ra3+ 46. Ke2 Ra2+ 47. Kd3 Ra3+ 48. Ke4 Kg7 49. Be8 Ra2 50. Rxf7+ Kh6 51. Rf6 Rg2 52. Rxe6 Re2+ 53. Kd5 Rd2+ 54. Ke5 Rg2 55. Bxg6 Kg5 56. Be4 Ra2 57. f4+ Kh5 58. Bg6+ Kh6 59. Bb1+ Kg7 60. Bxa2 Kf8 61. f5 Kg8 62. Re7+ Kh8 63. Ke6 Kg8 64. Kf6+ Kh8 65. Rf7 Kg8 66. Kg6 Kh8 67. Rf8# 1-0


[Site "https://www.chess.com"]

[Event "Titled Tuesday Blitz August 08 Late 2023"]
[White "dorpato"]
[Black "Lopez Gracia, Fernando"]
[BlackFideId "2207184"]
[WhiteElo "2077"]
[BlackElo "2339"]
[Result "0-1"]
[Round "9"]
[TimeControl "180+1"]
[Date "2023.08.08"]
[WhiteClock "0:00:14"]
[BlackClock "0:02:04"]
[Board "102"]

1. e4 c5 2. Nc3 e6 3. g3 Nc6 4. Bg2 g6 5. d3 Bg7 6. Be3 b6 7. Qd2 Nge7 8. h3 O-O 9. f4 d5 10. Nce2 Bxb2 11. Rb1 Bg7 12. Nf3 dxe4 13. dxe4 Qxd2+ 14. Bxd2 Ba6 15. e5 Rfd8 16. Be3 Nf5 17. Bf2 Rac8 18. g4 Bxe2 19. Kxe2 Nfd4+ 20. Nxd4 Nxd4+ 21. Bxd4 cxd4 22. Kd3 Rc3+ 23. Kd2 Rdc8 24. Rhc1 Bf8 25. Rb3 Ba3 26. Rxc3 dxc3+ 27. Kd1 Rd8+ 28. Ke2 Rd2+ 0-1


[Site "https://www.chess.com"]

[Event "Titled Tuesday Blitz August 08 Late 2023"]
[White "Mickiewicz, Piotr"]
[Black "Maluco_do_Natal_00"]
[WhiteFideId "1114891"]
[WhiteElo "2469"]
[BlackElo "2103"]
[Result "1-0"]
[Round "9"]
[TimeControl "180+1"]
[Date "2023.08.08"]
[WhiteClock "0:01:44"]
[BlackClock "0:00:37"]
[Board "103"]

1. Nf3 d5 2. g3 c5 3. Bg2 Nf6 4. O-O Nc6 5. b3 e5 6. Bb2 Bd6 7. e3 e4 8. Ne1 Bg4 9. f3 exf3 10. Nxf3 Be5 11. Nc3 d4 12. exd4 cxd4 13. Qe1 Bxf3 14. Bxf3 dxc3 15. Bxc6+ bxc6 16. Qxe5+ Qe7 17. Bxc3 Qxe5 18. Bxe5 O-O-O 19. Bxf6 gxf6 20. d3 Rd6 21. Rae1 Kd7 22. Re4 h5 23. Rf5 Rh6 24. Ra4 Ke6 25. Rff4 f5 26. Rxa7 Rd5 27. a4 Rc5 28. c4 h4 29. d4 1-0


[Site "https://www.chess.com"]

[Event "Titled Tuesday Blitz August 08 Late 2023"]
[White "Merino Garcia, Rafael II"]
[Black "Salazar Farias, Luis German"]
[WhiteFideId "2209128"]
[BlackFideId "3902170"]
[WhiteElo "2261"]
[BlackElo "2413"]
[Result "0-1"]
[Round "9"]
[TimeControl "180+1"]
[Date "2023.08.08"]
[WhiteClock "0:00:17"]
[BlackClock "0:00:20"]
[Board "104"]

1. d4 Nf6 2. Nf3 d5 3. g3 g6 4. Bg2 Bg7 5. O-O O-O 6. c4 dxc4 7. Na3 c3 8. bxc3 c5 9. Re1 Nc6 10. Nc4 Be6 11. Nce5 Bd5 12. Bb2 Qb6 13. Qc1 cxd4 14. cxd4 Rac8 15. Nd3 Nxd4 16. Bxd4 Rxc1 17. Bxb6 Rxa1 18. Rxa1 axb6 19. Rb1 Ra8 20. Rxb6 Rxa2 21. h3 Rxe2 22. Nf4 Bxf3 23. Nxe2 Bxe2 24. Rxb7 e6 25. Kh2 Bc4 26. f4 Bd5 27. Bxd5 Nxd5 28. Kg2 Bf8 29. Kf3 Kg7 30. Rb5 h5 31. Rb7 Bd6 32. Rd7 Bc7 33. g4 hxg4+ 34. hxg4 Bxf4 35. Rb7 g5 36. Rb5 Nf6 37. Rb7 Ng8 38. Rb5 Ne7 39. Rb7 Ng6 40. Rb5 Ne5+ 41. Kg2 Nxg4 42. Rb4 f5 43. Rb7+ Kf6 0-1


[Site "https://www.chess.com"]

[Event "Titled Tuesday Blitz August 08 Late 2023"]
[White "Kohler, Aran"]
[Black "Suarez Pousa, Diego"]
[WhiteFideId "1002856"]
[BlackFideId "2204509"]
[WhiteElo "2258"]
[BlackElo "2369"]
[Result "0-1"]
[Round "9"]
[TimeControl "180+1"]
[Date "2023.08.08"]
[WhiteClock "0:00:00"]
[BlackClock "0:00:11"]
[Board "105"]

1. d4 Nf6 2. Nf3 e6 3. c3 b6 4. Bg5 Bb7 5. Nbd2 Be7 6. e3 d6 7. Bd3 Nbd7 8. Qe2 a5 9. e4 e5 10. dxe5 Nxe5 11. Nxe5 dxe5 12. Nc4 Nd7 13. Bxe7 Qxe7 14. O-O Nc5 15. Bc2 Ba6 16. b3 O-O 17. Rfd1 Rad8 18. Rd5 c6 19. Rxd8 Rxd8 20. h3 Qe6 21. Rd1 Re8 22. Bd3 h6 23. Nxe5 Nxd3 24. Nxd3 Qxe4 25. Qxe4 Rxe4 26. c4 Re2 27. Nc1 Rc2 28. a4 Kh7 29. g4 Rc3 30. Kg2 Bc8 31. f3 Be6 32. Kf2 g5 33. Ke2 Rc2+ 34. Ke3 Kg7 35. Ne2 Rb2 36. Rd3 b5 37. cxb5 cxb5 38. axb5 Bxb3 39. Nc3 Bc4 40. Rd4 Bxb5 41. Nxb5 Rxb5 42. Ra4 Kf6 43. f4 Rb3+ 44. Kf2 Rxh3 45. Rxa5 Re3 46. fxg5+ hxg5 47. Rf5+ Kg6 48. Kg2 Re4 49. Kg3 Re6 50. Ra5 Rb6 51. Rc5 f6 52. Kg2 Kf7 53. Kg3 Ke6 54. Rf5 Rd6 55. Kg2 Rd5 56. Rf3 Rd4 57. Kg3 Ke5 58. Re3+ Re4 59. Rf3 Ke6 60. Ra3 Kf7 61. Ra7+ Kg6 62. Ra6 Re3+ 63. Kg2 Rc3 64. Rb6 Rd3 65. Rc6 Kf7 66. Rb6 Ke7 67. Ra6 Rd6 68. Ra7+ Ke6 69. Ra5 Rd5 70. Ra6+ Ke5 71. Kf3 Rd3+ 72. Kg2 Re3 73. Rb6 Kf4 74. Rxf6+ Kxg4 75. Ra6 Re2+ 76. Kf1 Rc2 77. Ra3 Kh4 78. Kg1 g4 79. Kf1 Rh2 80. Kg1 Rh3 81. Ra8 Rc3 82. Rh8+ Kg3 83. Kf1 Rc1+ 84. Ke2 Rc2+ 85. Kf1 Rf2+ 86. Kg1 Ra2 87. Kf1 Ra1+ 88. Ke2 Kg2 89. Rh7 g3 90. Rh8 Ra5 91. Rh7 Re5+ 92. Kd3 Kf3 93. Rf7+ Kg4 94. Rg7+ Rg5 95. Rxg5+ Kxg5 96. Ke3 Kh4 97. Ke2 Kh3 98. Kf1 Kh2 0-1


[Site "https://www.chess.com"]

[Event "Titled Tuesday Blitz August 08 Late 2023"]
[White "Vaglio Munoz, Jaime"]
[Black "Cmorales2001"]
[WhiteFideId "6500145"]
[WhiteElo "2238"]
[BlackElo "2346"]
[Result "1-0"]
[Round "9"]
[TimeControl "180+1"]
[Date "2023.08.08"]
[WhiteClock "0:00:19"]
[BlackClock "0:00:12"]
[Board "106"]

1. Nf3 Nf6 2. c4 c5 3. b3 b6 4. Bb2 e6 5. g3 Bb7 6. Bg2 Be7 7. O-O O-O 8. d3 d5 9. Re1 d4 10. a3 Nbd7 11. Nbd2 e5 12. Rb1 a5 13. Bc1 h6 14. Nf1 Bd6 15. Bd2 Re8 16. Nh4 Bxg2 17. Kxg2 e4 18. Nf5 Bf8 19. b4 axb4 20. axb4 Re5 21. dxe4 Nxe4 22. Nh4 Ra2 23. Nf3 Re6 24. bxc5 bxc5 25. Qb3 Qa8 26. Qb7 Qxb7 27. Rxb7 Nb6 28. Rc1 Ra4 29. e3 d3 30. Ne1 Nxc4 31. Nf3 Ncd6 32. Rb8 Re8 33. Rxe8 Nxe8 34. Ne5 Ra2 35. Rd1 N8d6 36. Nxd3 Nc4 37. Be1 f5 38. Rc1 Ncd2 39. Nxd2 Nxd2 40. Bxd2 Rxd2 41. Nxc5 f4 42. gxf4 Be7 43. Ne4 Ra2 44. Rc7 Kh7 45. Rxe7 1-0


[Site "https://www.chess.com"]